AoeStats
← amaaxime

Runestones

508009154Analyzed
1v1 RM · 11d ago on Sep 20, 2026· 52m 13s· 2 players
Game mode
Random Map
Map size
Tiny (2 player)
Population
200
Speed
Normal
Resources
Standard
Victory
Conquest
Starting age
Dark Age
Ending age
Imperial Age
RankedLock teamsTeams togetherTeam positionsShared explorationLock speedFull tech treeHidden civsTurbo modeCheats
Victory
Defeat
🇩🇪 Spanish · Germany
892
+17
🇫🇷 Franks · France
912
-17
Tobi_7500
11:15 Feudal Age
14:59 Castle Age
13:18 Double-Bit Axe
14:17 Horse Collar
18:40 Stone Mining
19:57 Heavy Plow
20:18 Bow Saw
21:33 Heavy Plow
23:12 Wheelbarrow
24:19 Gold Mining
26:21 Fletching
27:44 Bodkin Arrow
27:50 Padded Archer Armor
28:35 Scale Barding Armor
30:00 Leather Archer Armor
32:35 Bloodlines
33:02 Ballistics
35:35 Imperial Age
33:41 Husbandry
34:36 Herbal Medicine
35:10 Hand Cart
35:23 Town Watch
35:27 Loom
35:36 Elite Conquistador
37:37 Two-Man Saw
36:18 Cavalier
38:08 Bracer
39:06 Chain Barding Armor
40:52 Conscription
42:02 Plate Barding Armor
41:39 Forging
43:23 Ring Archer Armor
43:19 Paladin
46:11 Iron Casting
47:15 Town Patrol
amaaxime
8:01 Loom
9:56 Feudal Age
10:40 Double-Bit Axe
16:21 Forging
20:29 Castle Age
18:59 Fletching
20:03 Padded Archer Armor
20:09 Scale Barding Armor
20:17 Gold Mining
20:41 Crossbowman
23:24 Bodkin Arrow
23:55 Light Cavalry
27:05 Ballistics
27:40 Town Watch
30:44 Iron Casting
30:22 Stone Mining
31:08 Gold Shaft Mining
31:23 Murder Holes
33:23 Wheelbarrow
32:49 Town Patrol
32:52 Man-at-Arms
33:33 Squires
33:18 Gambesons
33:46 Long Swordsman
34:59 Scale Mail Armor
35:21 Chain Barding Armor
39:16 Imperial Age
40:06 Leather Archer Armor
39:33 Two-Handed Swordsman
40:37 Chain Mail Armor
41:40 Hand Cart
42:29 Champion
44:19 Blast Furnace
43:48 Arson
44:52 Conscription
46:22 Husbandry
47:36 Plate Mail Armor
47:42 Plate Barding Armor
49:26 Chemistry
48:25 Pikeman
49:57 Halberdier
Connection lost

Rejoining the realm…

Still unreachable

The connection could not be restored.

Session expired

The server has moved on; the page needs a fresh start.